 Dungeon Crawl Stone Soup version 0.17-a0-794-gbaecb48 (webtiles) character file.

112 FedoraBrony69 the Conjurer (level 4, -4/24 HPs)
             Began as a Deep Elf Conjurer on Apr 26, 2015.
             Slain by Sigmund
             ... wielding a +0 scythe
              (6 damage)
             ... on level 3 of the Dungeon.
             The game lasted 00:05:01 (1759 turns).

FedoraBrony69 the Conjurer (Deep Elf Conjurer)      Turns: 1759, Time: 00:05:01

Health: -4/24      AC:  5    Str:  8    XL:     4   Next: 63%
Magic:  12/12      EV: 13    Int: 21    God:
Gold:   122        SH:  0    Dex: 15    Spells: 2 memorised, 7 levels left

rFire  . . .     SeeInvis .     h - -1 spear (curse)
rCold  . . .     Clarity  .     a - +0 robe
rNeg   . . .     SustAb   .     (no shield)
rPois  .         Gourm    .     (no helmet)
rElec  .         Spirit   .     (no cloak)
rCorr  .         Warding  .     k - +0 pair of gloves
rMut   .         Stasis   +     (no boots)
MR     .....                    n - amulet of stasis
Stlth  +.........               (no ring)
                                (no ring)

@: confused, mighty, lethally poisoned (-4 -> -10), not resistant to hostile
enchantments, very unstealthy
A: large bone plates 1, screaming 1, weak 1
a: no special abilities


You were on level 3 of the Dungeon.
You were hungry.

You visited 1 branch of the dungeon, and saw 3 of its levels.

You collected 122 gold pieces.

Inventory:

Hand weapons
 h - a cursed -1 spear (weapon)
 t - a +0 scimitar of protection
Armour
 a - a +0 robe (worn)
 k - a +0 pair of gloves (worn)
Jewellery
 n - an amulet of stasis (around neck)
 s - an uncursed amulet of warding {unknown}
Scrolls
 d - a scroll of immolation {unknown}
 e - a scroll of enchant weapon {unknown}
 i - 2 scrolls of noise {unknown}
 j - a scroll of fog {unknown}
 l - 2 scrolls of random uselessness {unknown}
 m - a scroll of teleportation {unknown}
 q - 2 scrolls of remove curse {unknown}
Books
 b - a book of Conjurations

   Spells                             Type                      Level
   a - Magic Dart                     Conjuration                  1
   b - Searing Ray                    Conjuration                  2
   c - Dazzling Spray                 Conjuration/Hexes            3
   d - Fulminant Prism                Conjuration/Hexes            4
   e - Iskenderun's Mystic Blast      Conjuration                  4
   f - Iskenderun's Battlesphere      Conjuration/Charms           5
Comestibles
 c - 2 bread rations
 f - 2 meat rations
 p - a slice of pizza


   Skills:
 - Level 2.4 Dodging
 - Level 2.4 Stealth
 + Level 4.9 Spellcasting
 + Level 5.7 Conjurations


You had 7 spell levels left.
You knew the following spells:

 Your Spells              Type           Power        Failure   Level  Hunger
a - Magic Dart            Conj           ####         1%          1    None
b - Iskenderun's Mystic   Conj           ####....     12%         4    ####...


Dungeon Overview and Level Annotations

Branches:
Dungeon (3/15)

Altars:
Okawaru
Xom

Annotations:
D:3 Sigmund


Innate Abilities, Weirdness & Mutations

You are partially covered in large bone plates (AC +2, SH +2).
You occasionally shout uncontrollably at your foes.
You are weak. (Str -2)


Message History

A puff of flame appears from out of thin air!
The puff of flame hits you!
* * * LOW HITPOINT WARNING * * *
You bump into the rock wall.
You hear a zap.
You are more confused.
* * * LOW HITPOINT WARNING * * *
You feel sick.
You hear a zap.
Something tries to affect you, but you resist.
You bump into the rock wall.
You are more confused.
* * * LOW HITPOINT WARNING * * *
You feel sick.
You hear a zap.
You are more confused.
You bump into the rock wall.
* * * LOW HITPOINT WARNING * * *
You feel sick. Something hits you.
You die...

.#.#.#........
.#........# ###
.#####...## ...
.######..# #.# .
.........#
#.######## .#
#######.##
#.#......# #.#
##'## #.#.####.#
#.# ##...##
##.#.####.# ##.##
##.....##
#@........# #...#
##.......##
#.#######.# #.#..
###.........####.#
#.####....
..+........['(...#
#.........
###.........####.#
#.#####...
.###.......## #.#
#.# ##..
..###.....## #.#
#.# ### .##
##)..##
#.#######.# # ##
##'## #.........#
#


There were no monsters in sight!

Vanquished Creatures
  Ijyb (D:3)
  2 adders (D:2)
  An ooze (D:1)
  5 worms (D:2)
  An orc (D:3)
  3 giant cockroaches
  6 hobgoblins
  6 kobolds
  A quokka (D:3)
  3 ball pythons
  3 bats
  3 giant newts
  6 goblins
  10 rats
51 creatures vanquished.

Notes
Turn   | Place    | Note
--------------------------------------------------------------
     0 | D:1      | FedoraBrony69, the Deep Elf Conjurer, began the quest for the Orb.
     0 | D:1      | Reached XP level 1. HP: 10/10 MP: 6/6
   283 | D:1      | Reached XP level 2. HP: 15/15 MP: 4/8
   503 | D:1      | Found an iron altar of Okawaru.
   614 | D:2      | Reached skill level 5 in Conjurations
   614 | D:2      | Reached XP level 3. HP: 17/19 MP: 5/10
   822 | D:2      | Found a shimmering altar of Xom.
   885 | D:2      | Reached XP level 4. HP: 15/24 MP: 1/12
  1176 | D:3      | Noticed Ijyb
  1183 | D:3      | Killed Ijyb
  1605 | D:3      | Noticed Sigmund
  1624 | D:3      | Learned a level 4 spell: Iskenderun's Mystic Blast
  1746 | D:3      | Gained mutation: You occasionally shout uncontrollably at your foes. [potion of mutation]
  1746 | D:3      | Gained mutation: You are partially covered in large bone plates (AC +2, SH +2). [potion of mutation]
  1746 | D:3      | Gained mutation: You are weak. (Str -2) [potion of mutation]
  1759 | D:3      | Slain by Sigmund

Action                   |  1- 3 |  4- 6 || total
-------------------------+-------+-------++-------
Melee: Spear             |    17 |       ||    17
 Cast: Magic Dart        |    81 |    28 ||   109
       Iskenderun's Myst |       |     1 ||     1
  Use: Potion            |       |     6 ||     6
  Eat: Chunk             |       |     2 ||     2
